 Dungeon Crawl Stone Soup version 0.23-a0-488-g5fd82c5 (webtiles) character file.

39927 TheGoonsmith the Fighter (level 14, -1/90 HPs)
             Began as a Gargoyle Fire Elementalist on Dec 1, 2018.
             Was an Elder of Vehumet.
             Slain by a polar bear (24 damage)
             ... in an ice cave.
             The game lasted 00:48:52 (17902 turns).

TheGoonsmith the Fighter (GrFE)                    Turns: 17902, Time: 00:48:53

Health: -1/90      AC: 21    Str: 10    XL:     14   Next: 8%
Magic:  8/27       EV: 14    Int: 30    God:    Vehumet [****..]
Gold:   616        SH: 10    Dex: 10    Spells: 16/31 levels left

rFire    + . .     SeeInvis .   P - +3 scimitar (flame)
rCold    + + .     Gourm    .   A - +2 buckler of Duty {rCorr Str-3 Int+3 Slay+3}
rNeg     + . .     Faith    .   C - +0 robe "Ankapuwu" {Int+7}
rPois    ∞         Spirit   .   B - +2 hat
rElec    +         Reflect  +   y - +2 cloak
rCorr    +         Harm     .   M - +2 pair of gloves
MR       +....                  E - +0 pair of boots
Stlth    ++........             Z - +4 amulet of reflection
HPRegen  0.25/turn              T - ring of protection from cold
MPRegen  0.20/turn              (no ring)

@: resistant
A: big wings, negative energy resistance 1, electricity resistance, unbreathing,
petrification resistance, rot immunity, AC +10
a: Fly, Renounce Religion


You were in an ice cave.
You worshipped Vehumet.
Vehumet was greatly pleased with you.
You were very hungry.

You visited 3 branches of the dungeon, and saw 16 of its levels.
You also visited: Ice Cave.

You collected 949 gold pieces.
You spent 333 gold pieces at shops.

Inventory:

Hand Weapons
 G - the +4 dagger "Ireimy" {holy, rC+ Dex+2}
   (You found it on level 7 of the Dungeon)

   It has been blessed by the Shining One to cause great damage to the undead
   and demons.
   It affects your dexterity (+2).
   It protects you from cold.
 P - a +3 scimitar of flaming (weapon)
Missiles
 j - 7 throwing nets (quivered)
Armour
 a - a +0 cloak of invisibility
 q - a +0 crystal plate armour
 y - a +2 cloak (worn)
 A - the +2 buckler of Duty (worn) {rCorr Str-3 Int+3 Slay+3}
   (You found it on level 4 of the Dungeon)

   It affects your strength (-3).
   It affects your intelligence (+3).
   It affects your accuracy and damage with ranged weapons and melee attacks
   (+3).
   It provides partial protection from all sources of acid and corrosion.
 B - a +2 hat (worn)
 C - the +0 robe "Ankapuwu" (worn) {Int+7}
   (You found it on level 6 of the Dungeon)

   It affects your intelligence (+7).
 E - a +0 pair of boots (worn)
 M - a +2 pair of gloves (worn)
 X - a +2 robe of cold resistance
Jewellery
 i - an uncursed amulet of rage
 u - an uncursed ring of resist corrosion
 v - an uncursed ring of magical power
 H - an uncursed amulet of the acrobat
 J - an uncursed ring of fire
 T - a ring of protection from cold (left hand)
 V - the ring "Xijafem" {rElec MR+ Int+2 Dex-4}
   (You bought it in a shop on level 11 of the Dungeon)

   [ring of intelligence]

   It affects your intelligence (+2).
   It affects your dexterity (-4).
   It insulates you from electricity.
   It affects your resistance to hostile enchantments.
 Z - a +4 amulet of reflection (around neck)
Wands
 I - a wand of acid (1)
 L - a wand of scattershot (8)
 N - a wand of disintegration (10)
 O - a wand of digging (14)
 R - a wand of paralysis (13)
 W - a wand of iceblast (10)
Scrolls
 b - a scroll of silence
 d - 3 scrolls of fear
 e - 5 scrolls of teleportation
 o - 8 scrolls of remove curse
 r - a scroll of identify
 t - 3 scrolls of immolation
 x - a scroll of fog
 F - 2 scrolls of amnesia
 S - 2 scrolls of magic mapping
 U - 3 scrolls of enchant weapon
 Y - a scroll of enchant armour
Potions
 f - 3 potions of berserk rage
 g - 3 potions of agility
 h - 3 potions of flight
 k - 2 potions of might
 l - 3 potions of curing
 m - 4 potions of brilliance
 n - 2 potions of degeneration
 p - 2 potions of magic
 s - 2 potions of resistance
 w - 3 potions of heal wounds {unknown}
 z - 2 potions of cancellation {unknown}
 D - 5 potions of mutation
 K - 3 potions of lignification
 Q - a potion of ambrosia {unknown}
Comestibles
 c - 30 rations


   Skills:
 - Level 11.0 Fighting
 - Level 8.0 Long Blades
 - Level 5.0 Dodging
 - Level 2.1 Stealth
 - Level 4.1 Shields
 - Level 9.0 Spellcasting
 + Level 10.7 Conjurations
 - Level 2.1 Charms
 - Level 9.0 Fire Magic
 - Level 1.0 Air Magic
 - Level 9.0 Evocations


You had 16 spell levels left.
You knew the following spells:

 Your Spells              Type           Power        Failure   Level  Hunger
a - Flame Tongue          Conj/Fire      #####        1%          1    None
c - Conjure Flame         Conj/Fire      ######..     1%          3    None
e - Swiftness             Chrm/Air       ###.....     3%          2    None
f - Fireball              Conj/Fire      ######....   1%          5    ####...
s - Sticky Flame          Conj/Fire      ######..     1%          4    None

Your spell library contained the following spells:

 Spells                   Type           Power        Failure   Level  Hunger
 Fulminant Prism          Conj/Hex       #####.....   1%          4    None
 Infusion                 Chrm           ####         1%          1    None
 Shock                    Conj/Air       ####         1%          1    None
 Throw Flame              Conj/Fire      ######       1%          2    None
 Inner Flame              Hex/Fire       #####...     1%          3    None
 Static Discharge         Conj/Air       #####...     1%          3    None
 Song of Slaying          Chrm           ####....     2%          2    None
 Lightning Bolt           Conj/Air       #####.....   2%          5    ####...
 Shroud of Golubria       Chrm/Tloc      ###.......   3%          2    None
 Airstrike                Air            ###.......   7%          4    None
 Regeneration             Chrm/Necr      ###.......   8%          3    None
 Spectral Weapon          Hex/Chrm       ###.....     8%          3    None


Dungeon Overview and Level Annotations

Branches:
Dungeon (11/15)            Temple (1/1) D:4            Lair (4/6) D:10
 Shoals (0/4) Lair:4       Spider (0/4) Lair:3          Orc (0/2) D:9

Altars:
Ashenzari
Cheibriados
Dithmenos
Elyvilon
Fedhas
Gozag
Hepliaklqana
Kikubaaqudgha
Makhleb
Nemelex Xobeh
Okawaru
Qazlal
Ru
Sif Muna
Trog
Uskayaw
Vehumet
Wu Jian
Xom
Yredelemnul
Zin
The Shining One
Beogh

Shops:
D:11 *


Innate Abilities, Weirdness & Mutations

You are resistant to torment.
Your stone body is resilient. (AC +10)
You are immune to poison.
Your large and strong wings let you fly indefinitely.
You resist negative energy. (rN+)
You are resistant to electric shocks. (rElec)
You can survive without breathing.
You are immune to petrification.
You are immune to rotting.


Message History

The polar bear is almost dead.
The polar bear goes berserk!
Unknown command.
Casting: Fireball (safe; 1% risk of failure)
Confirm with . or Enter, or press ? or * to list all spells.
Aiming: Flame Tongue (safe; 1% risk of failure)
Press: ? - help, Shift-Dir - straight line, f - polar bear
Aim: a polar bear (severely wounded, berserk, fast, unusually strong)
The flame tongue hits the polar bear.
The polar bear is severely wounded.
Casting: Flame Tongue (safe; 1% risk of failure)
Confirm with . or Enter, or press ? or * to list all spells.
Aiming: Sticky Flame (safe; 1% risk of failure)
Press: ? - help, Shift-Dir - straight line, f/p - polar bear
Aim: a polar bear (severely wounded, berserk, fast, unusually strong)
The sticky flame hits the polar bear.
The polar bear is almost dead.
The polar bear is covered in liquid flames!
The polar bear burns!
The polar bear bites you!!
You die...

##..### ≈##...### ###
≈≈#.##.h#####†###
≈≈≈≈.#.#C.##.#..###
≈##.#.####Ch####..#
≈≈##[.####### #..###
####.≈.### ##...##
####....#...###.h⌠..#
##.....####..###@..##
......## ##......##
####### ########


You could see a polar bear (berserk).

Vanquished Creatures
  A frost giant (IceCv)
  The ghost of Xeotuoco the Fighter, a journeyman HOFi of Beogh (Lair:3)
  Erolcha (D:8)
  Fannar (D:10)
  Harold (Lair:1)
  Erica (D:10)
  The ghost of bonscott the Zephyrmancer, a journeyman TeAE of Qazlal (D:11)
  A centaur warrior (D:11)
  A two-headed ogre (D:8)
  A death yak (IceCv)
  Urug (D:10)
  Sonja (Lair:4)
  An unseen horror (D:11)
  The ghost of Greg the Covert, a novice SpAs (D:7)
  The ghost of ARFLORD the Conjurer, a novice HuCj (D:6)
  A cyclops (D:11)
  2 ugly things
  A black mamba (Lair:1)
  Joseph (D:7)
  An elephant (D:10)
  An ice statue (IceCv)
  4 spiny frogs
  3 rime drakes
  5 komodo dragons
  A queen bee (D:11)
  13 polar bears (IceCv)
  A tengu conjurer (D:10)
  A hornet (D:6)
  6 blink frogs
  4 hippogriffs
  A vampire (D:11)
  4 wyverns (Lair:4)
  39 yaks
  A hog (Lair:4)
  A basilisk (D:10)
  The ghost of Caerwyn the Shield-Bearer, an amateur DsFi of Qazlal (D:5)
  2 hungry ghosts (D:8)
  2 wargs
  8 water moccasins
  9 orc warriors
  A porcupine (Lair:4)
  A black bear (D:8)
  2 ice beasts
  10 ogres
  37 wolves
  5 phantoms
  4 centaurs
  8 crocodiles
  A big kobold (D:11)
  Blork the orc (D:5)
  14 bullfrogs
  4 scorpions
  32 killer bees
  4 wights (D:10)
  An electric eel (Lair:3)
  7 howler monkeys
  A crimson imp (D:7)
  A bullfrog zombie (D:10)
  A quasit (D:6)
  2 centaur zombies
  4 centaur skeletons
  9 orc wizards
  A jelly (D:9)
  A gnoll shaman (D:5)
  8 orc priests
  2 bullfrog skeletons
  6 hounds
  4 iguanas
  9 worker ants
  A centaur simulacrum (D:5)
  A bullfrog simulacrum (D:5)
  A hound skeleton (D:9)
  2 worker ant zombies (D:8)
  10 adders
  3 gnolls (D:5)
  A hound simulacrum (D:5)
  2 shadow imps
  A worker ant simulacrum (D:5)
  3 oozes
  2 adder skeletons
  An adder zombie (D:5)
  3 worms
  A dart slug (D:1)
  An adder simulacrum (D:5)
  5 leopard geckos
  42 orcs
  5 giant cockroaches
  4 goblins
  7 hobgoblins
  13 jackals
  16 kobolds
  6 quokkas
  A ball python (D:5)
  6 bats
  7 frilled lizards
  A jackal simulacrum (D:5)
  A jackal skeleton (D:4)
  A leopard gecko simulacrum (D:5)
  A leopard gecko skeleton (D:7)
  5 rats
  A fungus (Lair:3)
464 creatures vanquished.

Vanquished Creatures (collateral kills)
  An orc wizard (D:9)
1 creature vanquished.

Vanquished Creatures (others)
  3 polar bears (IceCv)
  3 wolves (IceCv)
  2 orcs (D:11)
  3 fungi
  A plant (Lair:1)
12 creatures vanquished.

Grand Total: 477 creatures vanquished

Notes
Turn   | Place    | Note
-------+----------+-------------------------------------------
     0 | D:1      | TheGoonsmith the Gargoyle Fire Elementalist began the quest
                  | for the Orb.
     0 | D:1      | Reached XP level 1. HP: 10/10 MP: 3/3
   174 | D:1      | Reached XP level 2. HP: 10/15 MP: 1/5
   510 | D:1      | Reached XP level 3. HP: 13/19 MP: 1/6
   665 | D:1      | Found an opulent altar of Gozag.
  1233 | D:2      | Found a glowing silver altar of Zin.
  1238 | D:2      | Reached XP level 4. HP: 24/24 MP: 6/8
  1452 | D:2      | Found a stormy altar of Qazlal.
  1689 | D:3      | Found a shimmering altar of Xom.
  1847 | D:3      | Reached XP level 5. HP: 28/28 MP: 5/9
  1982 | D:3      | Found a white marble altar of Elyvilon.
  2281 | D:4      | Noticed a phantom
  2414 | D:4      | Killed a phantom
  2414 | D:4      | Reached XP level 6. HP: 24/32 MP: 2/10
  2498 | D:4      | Learned a level 4 spell: Sticky Flame
  2502 | D:4      | Learned a level 3 spell: Conjure Flame
  2634 | D:4      | Reached skill level 5 in Fire Magic
  3046 | D:4      | Reached skill level 5 in Conjurations
  3162 | D:4      | Reached XP level 7. HP: 36/37 MP: 2/11
  3263 | D:4      | Reached skill level 1 in Fighting
  3373 | D:4      | Got an ancient buckler
  3386 | D:4      | Identified the +2 buckler of Duty {rCorr Str-3 Int+3
                  | Slay+3} (You found it on level 4 of the Dungeon)
  3395 | D:4      | Found a staircase to the Ecumenical Temple.
  3396 | D:4      | Found the cursed +13 scythe of Curses {drain, *Curse}
  3413 | Temple   | Entered the Ecumenical Temple
  3625 | D:5      | Entered Level 5 of the Dungeon
  3666 | D:5      | Noticed Blork the orc
  3679 | D:5      | Killed Blork the orc
  3679 | D:5      | Reached skill level 2 in Fighting
  3679 | D:5      | Reached skill level 1 in Shields
  3882 | D:5      | Found a runed gate.
  3882 | D:5      | Found a runed gate.
  3882 | D:5      | Found a runed gate.
  3916 | D:5      | Noticed Caerwyn's ghost (amateur DsFi)
  3936 | D:4      | Reached skill level 3 in Fighting
  3936 | D:4      | Reached XP level 8. HP: 30/46 MP: 0/14
  4189 | D:5      | Reached skill level 4 in Fighting
  4347 | D:5      | Learned a level 5 spell: Fireball
  4819 | D:6      | Got an opalescent robe
  4825 | D:6      | Found a deep blue altar of Sif Muna.
  5096 | D:6      | Reached skill level 5 in Spellcasting
  5096 | D:6      | Reached XP level 9. HP: 47/52 MP: 5/16
  5170 | D:6      | Identified the cursed +0 robe "Ankapuwu" {Int+7} (You found
                  | it on level 6 of the Dungeon)
  5222 | D:6      | Noticed a hornet
  5249 | D:6      | Found a transporter.
  5251 | D:6      | Found a transporter.
  5251 | D:6      | Noticed ARFLORD's ghost (novice HuCj)
  5648 | D:7      | Found a radiant altar of Vehumet.
  5682 | D:7      | Became a worshipper of Vehumet
  5729 | D:7      | Got a shimmering dagger
  5858 | D:7      | Noticed Joseph
  5900 | D:7      | Killed Joseph
  6150 | D:7      | Found a transporter.
  6157 | D:7      | Found a transporter.
  6158 | D:7      | Noticed Greg's ghost (novice SpAs)
  6198 | D:7      | Got a sapphire short sword
  6303 | D:8      | Found an ornate altar of the Wu Jian Council.
  6309 | D:8      | Found a shadowy altar of Dithmenos.
  6310 | D:8      | Found a burning altar of Makhleb.
  6310 | D:8      | Found a blossoming altar of Fedhas.
  6374 | D:8      | Reached skill level 1 in Long Blades
  6625 | D:8      | Noticed a two-headed ogre
  6638 | D:8      | Killed a two-headed ogre
  6638 | D:8      | Reached skill level 5 in Fighting
  6638 | D:8      | Reached XP level 10. HP: 60/60 MP: 4/19
  6894 | D:8      | Reached skill level 6 in Fighting
  7084 | D:8      | Identified the cursed +1 short sword of Flawed Execution
                  | {freeze, +Blink +Rage rPois MP-9} (You found it on level 7
                  | of the Dungeon)
  7089 | D:8      | Learned a level 2 spell: Swiftness
  7402 | D:9      | Reached * piety under Vehumet
  7402 | D:9      | Offered knowledge of Freeze by Vehumet.
  7531 | D:8      | Reached skill level 1 in Charms
  7531 | D:8      | Reached skill level 1 in Air Magic
  7531 | D:8      | Reached skill level 1 in Evocations
  7882 | D:9      | Found a staircase to the Orcish Mines.
  7925 | D:9      | Found a hide-covered altar of Uskayaw.
  7925 | D:9      | Noticed a +0 hand axe
  7926 | D:9      | Noticed a +0 hand axe
  8097 | D:9      | Noticed Erolcha
  8368 | D:8      | Killed Erolcha
  8748 | D:9      | Noticed a green ugly thing
  8762 | D:9      | Killed a green ugly thing
  8762 | D:9      | Reached XP level 11. HP: 64/64 MP: 12/20
  8784 | D:9      | Found a basalt altar of Yredelemnul.
  8912 | D:5      | Reached skill level 5 in Long Blades
  8931 | D:5      | Reached ** piety under Vehumet
  8931 | D:5      | Offered knowledge of Sandblast by Vehumet.
  8936 | D:5      | Killed Caerwyn's ghost
  9038 | D:5      | Identified the +4 dagger "Ireimy" {holy, rC+ Dex+2} (You
                  | found it on level 7 of the Dungeon)
  9119 | D:6      | Killed ARFLORD's ghost
  9346 | D:7      | Killed Greg's ghost
  9515 | D:10     | Entered Level 10 of the Dungeon
  9519 | D:10     | Noticed Urug
  9523 | D:10     | Killed Urug
  9687 | D:10     | Noticed Erica
  9708 | D:10     | Killed Erica
  9876 | D:10     | Found a staircase to the Lair.
 10150 | D:10     | Offered knowledge of Ignite Poison by Vehumet.
 10512 | D:10     | You fall through a shaft!
 10512 | D:11     | Found Bireifua's Assorted Antiques.
 10518 | D:11     | Bought a scroll labeled ZONY ADOICZOJ for 37 gold pieces
 10518 | D:11     | Bought a clouded glass ring for 185 gold pieces
 10518 | D:11     | Bought a potion of curing for 111 gold pieces
 10526 | D:11     | Noticed a centaur warrior
 10538 | D:11     | Killed a centaur warrior
 10835 | D:11     | Reached XP level 12. HP: 70/70 MP: 11/24
 10959 | D:11     | Reached skill level 10 in Conjurations
 11125 | D:11     | Reached skill level 7 in Fighting
 11136 | D:11     | Reached *** piety under Vehumet
 11183 | D:11     | Found a runed gate.
 11183 | D:11     | Found a runed gate.
 11316 | D:11     | Found a runed gate.
 11324 | D:11     | Noticed bonscott's ghost (journeyman TeAE)
 11325 | D:11     | Found a roughly hewn altar of Beogh.
 11325 | D:11     | Identified the cursed +0 robe of Generosity {rN++}
 11372 | D:11     | Offered knowledge of Throw Icicle by Vehumet.
 11424 | D:11     | Reached skill level 8 in Fighting
 11901 | D:11     | Killed bonscott's ghost
 12108 | Lair:1   | Entered Level 1 of the Lair of Beasts
 12310 | Lair:1   | Reached **** piety under Vehumet
 12318 | Lair:1   | Offered knowledge of Irradiate by Vehumet.
 12468 | Lair:1   | Noticed Harold
 12755 | D:10     | Noticed Fannar
 12768 | D:10     | Killed Fannar
 12949 | D:10     | Reached skill level 5 in Dodging
 13044 | D:10     | Identified the ring "Xijafem" {rElec MR+ Int+2 Dex-4} (You
                  | bought it in a shop on level 11 of the Dungeon)
 13274 | D:10     | Reached skill level 5 in Evocations
 13490 | Lair:1   | Killed Harold
 13563 | Lair:1   | Reached XP level 13. HP: 75/78 MP: 19/25
 14552 | Lair:2   | Found a blossoming altar of Fedhas.
 14717 | Lair:2   | Reached ***** piety under Vehumet
 14902 | Lair:2   | Offered knowledge of Fulminant Prism by Vehumet.
 15172 | Lair:3   | Found a hole to the Spider Nest.
 15467 | Lair:3   | Reached skill level 9 in Fighting
 15579 | Lair:3   | Found a large runed door.
 15580 | Lair:3   | Found a large runed door.
 15582 | Lair:3   | Noticed Xeotuoco's ghost (journeyman HOFi)
 16013 | Lair:3   | Killed Xeotuoco's ghost
 16331 | Lair:4   | Noticed Sonja
 16333 | Lair:4   | Killed Sonja
 16593 | Lair:4   | Found a frozen archway.
 16601 | IceCv    | Entered an ice cave
 17012 | IceCv    | Reached skill level 10 in Fighting
 17864 | IceCv    | Noticed a frost giant
 17875 | IceCv    | Reached skill level 11 in Fighting
 17875 | IceCv    | Gained mutation: Your large and strong wings let you fly
                  | indefinitely. [Gargoyle growth]
 17875 | IceCv    | Reached XP level 14. HP: 83/90 MP: 20/27
 17892 | IceCv    | Killed a frost giant
 17902 | IceCv    | Slain by a polar bear

Vault maps used:
D:1:      tarquinn_simple_flora_water_d, solitary_fountain, minmay_hexomino_r4
D:2:      nicolae_overflow_crystal_walls, nicolae_qazlal_eye_of_the_storm
D:3:      elyvilon_altar_1, brannock_xom_greatest_gift,
          kennysheep_generic_room_11
D:4:      minmay_temple_entry_butterflies
D:5:      first_ration, gammafunk_ghost_icy, uniq_blork_the_orc
D:6:      kennysheep_mini_moat, gammafunk_ghost_hive
D:7:      marbit_many_paths, gammafunk_ghost_smash, uniq_joseph
D:8:      minmay_thick_lines, lemuel_doored_altar,
          chequers_temple_overflow_statue_of_worship
D:9:      cheibrodos_barr_body, lemuel_coloured_pillars_altar,
          dancing_weapons_uskayaw, erik_orc_4, uniq_erolcha
D:10:     minmay_general_purpose_star, david_lair_generic, grunt_tengu_nest,
          uniq_fannar, uniq_erica, uniq_urug
D:11:     special_room, serial_shops, shop, biasface_ghost_orc_armoury
Temple:   jpeg_temple_clearing
Lair:1:   minivault_23, grunt_megastairs_1, uniq_harold
Lair:2:   basic_altar, minmay_stone_trees_medium, beast_lair_carwin_4
Lair:3:   spider_nest_entry_web_field, ebering_ghost_disaster_area,
          nicolae_quartered_pool_medium
Lair:4:   minmay_shoals_entry_hut, portal_ice_cave_rime, gammafunk_ghost_split,
          beast_lair_carwin_10, uniq_kirke, uniq_sonja, uniq_nessos
IceCv:    ice_cave_caverns_02

Skill      XL: |  1  2  3  4  5  6  7  8  9 10 11 12 13 |
---------------+----------------------------------------+-----
Conjurations   | 2 3 4 5 6 8 9 10 | 10.7
Spellcasting   | 3 4 5 6 8 9 |  9.0
Fire Magic     | 4 5 7 9 |  9.0
Fighting       | 3 4 5 6 8 11 | 11.0
Shields        | 2 4 |  4.1
Long Blades    | 3 4 6 8 |  8.0
Dodging        | 3 5 |  5.0
Charms         | 2 |  2.1
Air Magic      | 1 |  1.0
Evocations     | 4 5 9 |  9.0
Stealth        | |  2.1

Action                   |  1- 3 |  4- 6 |  7- 9 | 10-12 | 13-15 || total
-------------------------+-------+-------+-------+-------+-------++-------
Melee: Dagger            |    74 |     9 |       |   162 |    72 ||   317
       Unarmed           |     7 |       |       |       |       ||     7
       Falchion          |       |    13 |    14 |    26 |       ||    53
       Scimitar          |       |       |       |       |    68 ||    68
 Cast: Flame Tongue      |    56 |   105 |   222 |   409 |   180 ||   972
       Conjure Flame     |       |     1 |     2 |     4 |       ||     7
       Sticky Flame      |       |       |     4 |    58 |    59 ||   121
       Fireball          |       |       |       |    50 |    34 ||    84
Evoke: Wand              |       |       |       |       |     8 ||     8
  Use: Scroll            |       |    12 |    10 |    12 |     9 ||    43
       Potion            |       |       |       |     1 |     4 ||     5
 Stab: Distracted        |     1 |       |       |       |       ||     1
       Sleeping          |       |     1 |       |     1 |       ||     2
  Eat: Chunk             |     1 |     6 |     9 |    27 |     9 ||    52
       Ration            |       |       |     1 |     2 |     2 ||     5
Armor: Robe              |    26 |    27 |    33 |   163 |    85 ||   334
Dodge: Dodged            |    56 |    43 |    68 |   215 |   131 ||   513
Block: Buckler           |       |       |    28 |   139 |   118 ||   285
       Rpst.: Falchion   |       |    10 |    22 |    13 |       ||    45
       Scimitar          |       |       |       |       |    12 ||    12

Table legend:
 A = Non-vault XP
 B = Vault XP
 C = Vault XP percentage of total XP
 D = Non-vault monster count
 E = Vault monster count
 F = Vault count percentage of total count
                 A         B        C        D         E       F
            +---------+---------+-------+---------+---------+-------
      Total |   26272 |   30767 |  53.9 |     297 |     167 |  36.0
            +---------+---------+-------+---------+---------+-------
        D:1 |      27 |       8 |  22.9 |      14 |       4 |  22.2
        D:2 |      90 |       0 |   0.0 |      28 |       0 |   0.0
        D:3 |     105 |       0 |   0.0 |      18 |       0 |   0.0
        D:4 |     629 |       0 |   0.0 |      24 |       0 |   0.0
        D:5 |     721 |     483 |  40.1 |      21 |      10 |  32.3
        D:6 |     681 |    1214 |  64.1 |      13 |       8 |  38.1
        D:7 |     849 |    1303 |  60.5 |      12 |       5 |  29.4
        D:8 |    1935 |    1499 |  43.7 |      14 |      10 |  41.7
        D:9 |    1876 |     823 |  30.5 |      28 |      21 |  42.9
       D:10 |    2963 |    4138 |  58.3 |      30 |      11 |  26.8
       D:11 |    3984 |    2821 |  41.5 |      29 |      29 |  50.0
     Lair:1 |    5590 |    2452 |  30.5 |      29 |       9 |  23.7
     Lair:2 |    2297 |    1098 |  32.3 |      11 |       5 |  31.2
     Lair:3 |    3106 |    1226 |  28.3 |      18 |       1 |   5.3
     Lair:4 |    1419 |    2764 |  66.1 |       8 |       9 |  52.9
      IceCv |       0 |   10938 | 100.0 |       0 |      45 | 100.0
            +---------+---------+-------+---------+---------+-------
